Cogmind - Beta 14 @@@ ROGUE MODE // 2024.11.09 @ 08:57:52 Player: Fangrelle Result: Destroyed by QY-0JJ(R) with Subdweller Beam Cannon Performance ------------- Evolutions (0) 0 Regions Visited (2) 400 Robots Destroyed (42) 210 Value Destroyed (944) 944 Prototype IDs (1) 20 Alien Tech Used (0) 0 Bonus (0) 0 TOTAL SCORE: 1574 Bonus ------- None Cogmind --------- Core Integrity 0/250 Matter 280/300 Energy 145/170 System Corruption 0% Temperature Warm (153) Movement Treading (320) Ox2 Location -10/Subcaves Parts ------- > --- POWER (1) -------- Makeshift Power Source > --- PROPULSION (2) --- Improved Treads Improved Treads > --- UTILITY (2) ------ Disposable Heat Sink Huge Storage Unit > --- WEAPON (2) ------- Subdweller Beam Cannon Subdweller Beam Cannon > --- INVENTORY (25) --- Improved Ion Engine Improved Ion Engine Makeshift Power Source Improved Treads Makeshift Leg Large Storage Unit Huge Storage Unit High-capacity Matter Pod (200) Structural Scanner Machine Analyzer Makeshift Sensor Array Signal Interpreter Makeshift System Restoration Module Tractor Beam Recalibrator V3-11A's Pendant Subdweller Beam Cannon Subdweller Beam Cannon Improved Assault Rifle Improved Assault Rifle Subdweller Shrapnel Launcher Mining Claw Makeshift Axe Peak State ------------ > --- POWER ------------ Makeshift Power Source > --- PROPULSION ------- Improved Treads Improved Treads > --- UTILITY ---------- Disposable Heat Sink Huge Storage Unit > --- WEAPON ----------- Heavy EM Pulse Gun Heavy EM Pulse Gun > --- INVENTORY -------- Improved Ion Engine Improved Ion Engine Improved Ion Engine Improved Treads Improved Treads Makeshift Leg Large Storage Unit Huge Storage Unit High-capacity Matter Pod Structural Scanner Machine Analyzer Makeshift Sensor Array Signal Interpreter Makeshift System Restoration Module Tractor Beam Recalibrator Heavy EM Pulse Gun Subdweller Beam Cannon Subdweller Beam Cannon Improved Assault Rifle Improved Assault Rifle Barrage Gun Subdweller Shrapnel Launcher Mining Claw Makeshift Axe [Rating: 21] Favorites ----------- Power Improved Ion Engine Engine Improved Ion Engine Propulsion Light Treads Treads Light Treads Wheel Wheel Utility Huge Storage Unit Device ECM Suite Storage Huge Storage Unit Weapon Improved Assault Rifle Energy Gun Heavy EM Pulse Gun Energy Cannon Subdweller Beam Cannon Ballistic Gun Improved Assault Rifle Build | -11 -10 -10 ------- Run | Yrd Mat Sub Slots Evolved . | . . . Power . | . . . Propulsion . | . . . Utility . | . . . Weapon . | . . . Parts Attached 29 | 6 13 10 Power 5 | 1 2 2 Engine 5 | 1 2 2 Core . | . . . Reactor . | . . . Propulsion 7 | 2 4 1 Treads 5 | 2 2 1 Leg . | . . . Wheel 2 | . 2 . Hover . | . . . Flight . | . . . Utility 6 | 1 4 1 Device 3 | . 2 1 Storage 3 | 1 2 . Processor . | . . . Hackware . | . . . Protection . | . . . Artifact . | . . . Weapon 11 | 2 3 6 Energy Gun 4 | . . 4 Energy Cannon 2 | . . 2 Ballistic Gun 5 | 2 3 . Ballistic Cannon . | . . . Launcher . | . . . Special Weapon . | . . . Impact Weapon . | . . . Slashing Weapon . | . . . Piercing Weapon . | . . . Special Melee Weapon . | . . . Unidentified Prototypes 1 | . 1 . Parts Lost 9 | . 4 5 Power 1 | . 1 . Propulsion 3 | . 2 1 Utility . | . . . Weapon 5 | . 1 4 Highest Loss Streak 2 | . 2 2 To Critical Strikes . | . . . Average Slot Usage (%) 99 | . 99 100 Engine 13 | . 13 14 Treads 24 | . 22 28 Wheel 3 | . 5 . Device 13 | . 13 14 Storage 14 | . 14 14 Energy Gun 10 | . . 27 Ballistic Gun 17 | . 28 . Peak Build Rating 21 | 6 18 21 Average Rating 15 | 4 13 20 On Entrance 8 | . 6 18 Naked Turns . | . . . Heaviest Build 95 | 11 95 94 Greatest Support 46 | 40 46 46 Greatest Overweight (x) 9 | . 9 2 Average Overweight (x) 2 | . 3 1 Largest Inventory Capacity 25 | 8 25 25 Average Capacity 22 | 6 20 25 Most Carried 25 | 4 24 25 Average Carried 17 | 2 13 24 Final Capacity 25 | 8 25 25 Final Carried 24 | 4 24 23 Class Distribution -------------------- 100% | Mutant Dominant Class ---------------- Mutant | -10/Materials Mutant | -10/Subcaves Resources | -11 -10 -10 ----------- Run | Yrd Mat Sub Matter Collected 1310 | 248 719 343 Remotely . | . . . Salvage Created 1446 | . 1052 394 Parts 98 | . 76 22 Haulers Intercepted 1 | . 1 . Recyclers Shooed . | . . . Parts Field Recycled . | . . . Retrieved Matter . | . . . Parts Self-Destructed 6 | . . 6 Prevented . | . . . Kills | -11 -10 -10 ------- Run | Yrd Mat Sub Combat Hostiles Destroyed 30 | . 23 7 Guns 28 | . 22 6 AOE 1 | . 1 . Classes Destroyed 10 | . 9 1 Worker 2 | . 2 . Tunneler 1 | . 1 . Hauler 1 | . 1 . Recycler 3 | . 3 . Mechanic 1 | . 1 . Operator 1 | . 1 . Watcher 3 | . 3 . Swarmer 12 | . 12 . Grunt 13 | . 11 2 Subdweller 5 | . . 5 Best Kill Streak 7 | . 7 2 Combat Bots Only 6 | . 6 2 Max Kills in Single Turn 2 | . 2 1 Gunslinging 1 | . 1 . Exploded 1 | . 1 . Melee . | . . . Uniques/NPCs Destroyed . | . . . Combat | -11 -10 -10 -------- Run | Yrd Mat Sub Hostile Shots Fired 171 | . 127 44 Missed 50 | . 38 12 Damage Taken 1664 | . 858 806 Core 254 | . 149 105 Absorbed by Shields . | . . . Core Remaining (%) 100 | 100 . . Volleys Fired 132 | . 100 32 Largest 2 | . 2 2 Hottest 160 | . 46 160 Shots Fired 263 | . 200 63 Gun 257 | . 200 57 Cannon 6 | . . 6 Launcher . | . . . Special . | . . . Kinetic 200 | . 200 . Thermal 6 | . . 6 Explosive . | . . . Electromagnetic 57 | . . 57 Robot Hit Streak 24 | . 24 14 Robot Miss Streak 5 | . 5 3 Penetration Max . | . . . Secondary Targets 5 | . 5 . Max Gunslinging Chain 1 | . 1 . Shots Hit Robots 171 | . 123 48 Core Hits 61 | . 48 13 Critical Kills . | . . . Critical Parts Destroyed 1 | . 1 . Critical Strikes 2 | . 1 1 Destroy 1 | . 1 . Corrupt 1 | . . 1 Melee Attacks . | . . . Impact . | . . . Slashing . | . . . Piercing . | . . . Sneak Attacks . | . . . Combat Hostiles . | . . . Follow-up Attacks . | . . . Damage Inflicted 2909 | . 2170 739 Guns 2459 | . 1890 569 Cannons 135 | . . 135 Explosions 315 | . 280 35 Melee . | . . . Ramming . | . . . Kinetic 1890 | . 1890 . Thermal 170 | . . 170 Explosive 280 | . 280 . Electromagnetic 569 | . . 569 Impact . | . . . Slashing . | . . . Piercing . | . . . Highest Corruption . | . . . Average Corruption . | . . . Corruption Purged . | . . . Corruption Blocked . | . . . Overload Shots . | . . . Overflow Damage . | . . . Projectiles . | . . . Explosions . | . . . Melee . | . . . Knockbacks . | . . . Impact . | . . . Kinetic . | . . . Secondary . | . . . Self-Inflicted Damage 25 | . . 25 Shots 1 | . . 1 Rammed . | . . . Targets Rammed . | . . . Kicked . | . . . Crushed . | . . . Highest Temperature 144 | . 31 144 Average Temperature 17 | . 9 26 Received Heat Transfer 459 | . 249 210 Siege Activations . | . . . Robots Corrupted 1 | . . 1 Combat Hostiles 1 | . . 1 Parts Fried 7 | . . 7 Impact Corruptions . | . . . Robots Melted . | . . . Combat Hostiles . | . . . Parts Melted . | . . . Heat Transferred 235 | . . 235 Parts Sabotaged . | . . . Parts Stolen . | . . . Parts Stripped . | . . . Power Chain Reactions 1 | . . 1 Alert | -11 -10 -10 ------- Run | Yrd Mat Sub Peak Influence 372 | . 372 . Initial . | . . . Average 164 | . 169 . Maximum Alert Level 1 | . 1 . Low Security (%) 62 | 100 61 . Level 1 37 | . 38 . Level 2 . | . . . Level 3 . | . . . Level 4 . | . . . Level 5 . | . . . High Security . | . . . Max Security . | . . . Squads Dispatched 5 | . 5 . Investigation 4 | . 4 . Extermination . | . . . Reinforcement 1 | . 1 . Assault . | . . . Garrison . | . . . Intercept . | . . . Searches Triggered . | . . . Construction Impeded . | . . . Haulers Reinforced . | . . . Active Scanning Responses . | . . . Cargo Convoy Interrupts . | . . . Stealth | -11 -10 -10 --------- Run | Yrd Mat Sub Distress Signals 1 | . 1 . Communications Jammed . | . . . Distress Signals . | . . . Times Spotted 43 | . 34 9 Peak Tracking Total 4 | . 4 2 Tactical Retreats 3 | . 2 1 Traps | -11 -10 -10 ------- Run | Yrd Mat Sub Traps Triggered 2 | . 1 1 Indirectly . | . . . Trap Hack Attempts . | . . . Triggered . | . . . Disarmed . | . . . Reprogrammed . | . . . Reused . | . . . Traps Extracted . | . . . Installed . | . . . Triggered . | . . . Machines | -11 -10 -10 ---------- Run | Yrd Mat Sub Machines Disabled 5 | . 5 . Max in Single Turn 2 | . 2 . Machines Repaired . | . . . Machines Dismantled . | . . . Machines Sabotaged . | . . . Overloaded Fab Kills . | . . . Hacking | -11 -10 -10 --------- Run | Yrd Mat Sub Machines Accessed 8 | . 7 1 Terminals 5 | . 5 . Fabricators . | . . . Repair Stations . | . . . Recycling Units 2 | . 2 . Scanalyzers . | . . . Garrison Access . | . . . Total Hacks 31 | . 27 4 Successful 18 | . 14 4 Failed 12 | . 12 . Catastrophic . | . . . Database Lockouts 1 | . 1 . Manual 26 | . 26 . Terminals 20 | . 20 . Fabricators . | . . . Repair Stations . | . . . Recycling Units 7 | . 7 . Scanalyzers . | . . . Garrison Access . | . . . Terminal Hacks 6 | . 2 4 Record 4 | . . 4 Robot Analysis 1 | . 1 . Terminal Index 1 | . 1 . Fabricator Hacks . | . . . Repair Station Hacks . | . . . Recycling Unit Hacks 1 | . 1 . Retrieve Components 1 | . 1 . Scanalyzer . | . . . Garrison Access Hacks . | . . . Unauthorized Hacks 11 | . 11 . Terminals 7 | . 7 . Botnet 5 | . 5 . Disrupt 1 | . 1 . Operators 1 | . 1 . Fabricators . | . . . Repair Stations . | . . . Recycling Units 4 | . 4 . Reject 1 | . 1 . Mask 1 | . 1 . Tunnel 2 | . 2 . Scanalyzers . | . . . Garrison Access . | . . . Data Cores Recovered . | . . . Used . | . . . Hacking Detections 7 | . 7 . Full Trace Events 2 | . 2 . Feedback Events . | . . . Feedback Blocked . | . . . Robot Schematics Acquired . | . . . Robots Built . | . . . Authchips . | . . . Time . | . . . Total Robot Build Rating . | . . . Part Schematics Acquired . | . . . Parts Built . | . . . Authchips . | . . . Time . | . . . Total Part Build Rating . | . . . Parts Repaired . | . . . Time . | . . . Parts Recycled . | . . . Recycled Matter . | . . . Retrieved Matter . | . . . Retrieved Components 10 | . 10 . Parts Scanalyzed . | . . . Part Schematics Acquired . | . . . Parts Damaged . | . . . Bothacking | -11 -10 -10 ------------ Run | Yrd Mat Sub Used RIF Installer . | . . . Robots Hacked . | . . . Non-combat . | . . . Combat . | . . . Robot Hacks Applied . | . . . Relay Couplers Released . | . . . Fabnet Peak Effective % . | . . . Robots Rewired . | . . . Allies Hacked . | . . . Hacks Repelled . | . . . Allies | -11 -10 -10 -------- Run | Yrd Mat Sub Total Allies . | . . . Largest Group . | . . . Highest-Rated Group . | . . . Highest-Rated Ally . | . . . Total Orders . | . . . Ally Attacks . | . . . Total Damage . | . . . Kills . | . . . Allies Corrupted . | . . . Allies Melted . | . . . Intel | -11 -10 -10 ------- Run | Yrd Mat Sub Robot Analysis Total 1 | . 1 . Derelict Logs Recovered . | . . . Drone Launches . | . . . Drone Recoveries . | . . . Exploration | -11 -10 -10 ------------- Run | Yrd Mat Sub Turns Passed 4266 | 72 2586 1608 Spaces Moved 1631 | 53 983 595 Core 22 | 22 . . Treads 1279 | 31 653 595 Legs . | . . . Wheels 330 | . 330 . Hover . | . . . Flight . | . . . Fastest Speed 50 | 50 140 240 Average Speed 229 | 114 223 249 Slowest Speed 480 | 160 480 320 Overloaded Moves . | . . . Propulsion Burnouts . | . . . Robots Hopped . | . . . Cave-ins Triggered . | . . . Exploration Rate (%) 41 | 3 84 38 Regions Visited 2 Branch Regions 1 Pre-discovered Areas 3 | . 2 1 Known Exits Taken . | . . . Unknown Exits Taken 2 | 1 1 . Scrap Searched 10 | . . 10 Spaces Dug . | . . . Terrain Destroyed 48 | . 42 6 Melee . | . . . Projectile . | . . . AOE 48 | . 42 6 Terrain Rammed . | . . . Walls Destroyed . | . . . Machines Disabled . | . . . Actions | -11 -10 -10 --------- Run | Yrd Mat Sub Total 1900 | 62 1178 660 Wait 48 | . 48 . Move 1629 | 52 982 595 Hop . | . . . Pick Up 42 | 4 25 13 Fast Attach 14 | 6 7 1 Attach 8 | . 3 5 Detach . | . . . Swap 7 | . 3 4 Drop 20 | . 10 10 Fire 132 | . 100 32 Melee . | . . . Ram . | . . . Kick . | . . . Crush . | . . . Escape Stasis . | . . . Rewire . | . . . Trap . | . . . Miscellaneous . | . . . Route ------- -11/Scrapyard -10/Materials (discovered 5 exits: [*Mat x2] / [*Min x2] / *Sub) -10/Subcaves History --------- Turn | Location | Event 3 | -11/Scrapyard | Discovered new exit (range 16) 73 | -11/Scrapyard | Entered Materials 303 | -10/Materials | Build established: Mutant 643 | -10/Materials | Discovered new exit (range 8) 1229 | -10/Materials | Discovered new exit (range 12) 1544 | -10/Materials | Central database locked down 1791 | -10/Materials | Discovered new exit (range 10) 1994 | -10/Materials | Core integrity fell below 50% 2462 | -10/Materials | Discovered new exit (range 14) 2467 | -10/Materials | Discovered new exit (range 10) 2659 | -10/Materials | Entered Subcaves 3405 | -10/Subcaves | Visited Clippyterm 3412 | -10/Subcaves | Learned location of Deep Caves (-6) 3412 | -10/Subcaves | Learned Factory trap positions 3525 | -10/Subcaves | Visited triangular shrine 3540 | -10/Subcaves | Found Prototype Device 3805 | -10/Subcaves | Core integrity fell below 20% 3909 | -10/Subcaves | Shifting Twisted Machinery released Mak. Power Source 3916 | -10/Subcaves | Shifting Twisted Machinery released Sub. Power Source 4210 | -10/Subcaves | A swath of the cavern ceiling suddenly collapsed 4267 | -10/Subcaves | Destroyed by QY-0JJ(R) with Subdweller Beam Cannon Last Messages --------------- 03795_ Sub. Power Source fried. 03795_ QC-RIS(R) destroyed. 03803_ DN-74W(R) affixes Scrap Shield Fragment to Scrap Shield. 03811_ Disposable Heat Sink fried. 03811_ Sub. Optics fried. 03811_ DN-74W(R) destroyed. 03850_ Acquired Sub. Beam Cannon. 03851_ Acquired 15 matter. 03856_ Acquired Sub. Beam Cannon. Mak. Power Source falls loose from the Twisted Machinery. Sub. Power Source falls loose from the Twisted Machinery. 03919_ Dropped Imp. Ion Engine. 03920_ Acquired Mak. Power Source. 03967_ IF-9Y9(R) misfires. 03972_ Sub. Optics fried. 03972_ IF-9Y9(R) destroyed. 03981_ Sub. Power Source fried. 03981_ SJ-QSW(R) destroyed. A swath of the cavern ceiling suddenly collapses. 04257_ Hvy. EM Pulse Gun destroyed. Map ----- +----------------------------------------------------+ | ????????????????????????????????????????????????## | | ?????????????????????????????????????????##?##### | | ?????????????????????????????????????????# ## | | ?????????????????????????????????????????##"" | | ?????????????????????????????????????" #"#" # ## | | ?????????????????????????????????????" "" "" #### | | ???????????????????????????????????? """"#""#### | | ???????????????????????## ???????????" ?###### | | ???????????????????????# ?""???????#"" ?????# | | ???????????????????????# ""???###?"""##????# | | ???????????????????????# "" ??# ## ""##???## | | ????????????????????????# ?? #????# | | ???????????????????????## "# ?? #????# | | ???????????????????????# " ?# ###????## | | ???????????????????????# #### #"#?##### | | ???????????????????????? ##" ""#### | | ????????????????????????????# ##"#""##" | | ??????????????????????????????# ### | | ????????????????????????####### ""#""#"" | | ????????????????????????# ####"# ### | | ????????????????????????# ### ###?# | | ????????????????????????### ##?####???# | | ????????????????????????###### #????????# | | ????????????????????????# # #??????? | | ?????????????????# ????## "" #?????? | | ?????????????????# ??# @ "" #????# ## | | ????????????????## # "## #####????## ### | | ????????????????# " "###?????????## #?## | | ???????????????# "" R"##????????????# #???# | | ???????????? """"#????????????? ##????? | | ???????????? """"#????????????? ??????? | | ??????????????# """"""""???????????? ??????? | | ??????????????? # """""""" ??????????? ????????? | | ??????????????? ?###?"?""" ??????????????????????? | | ?????????????????????????????????????????????????? | | ?????????????????????????????????????????????????? | | ?????????????????????????????????????????????????? | | ?????????????????????????????????????????????????? | | ?????????????????????????????????????????????????? | | ?????????????????????????????????????????????????? | | ?????????????????????????????????????????????????? | | ?????????????????????????????????????????????????? | | ?????????????????????????????????????????????????? | | ?????????????????????????????????????????????????? | | ?????????????????????????????????????????????????? | | ?????????????????????????????????????????????????? | | ?????????????????????????????????????????????????? | | ?????????????????????????????????????????????????? | | ?????????????????????????????????????????????????? | | ?????????????????????????????????????????????????? | +----------------------------------------------------+ Best States ------------- Heat Dissipation 25 Coolant Potential 50 Energy Generation 15 Energy Capacity 265 Matter Stores 300 Matter Capacity 300 Sight Range 16 Terrain Scan Density 10 ECM Strength 1 Evasion (%) 50 Recoil Reduction 2 Item Schematics ----------------- None Robot Schematics ------------------ None Fabricated ------------ Nothing Alien Tech Used ----------------- None Achievements -------------- None Challenges ------------ None Game ------ Seed HypervelocityShieldSheargun Manual? 0 Play Time 00:19:08 Cumulative 29.3 hours Start 2024.11.09 @ 08:40:49 End 2024.11.09 @ 08:57:52 Sessions 1 Manual Loads 0 Difficulty Rogue Special Mode None Game No. 60 Rogue 60 Adventurer 0 Explorer 0 Win Type - Total 0 Types 0/0/0/0/0/0/0/0/0 Lore% 24 Gallery% 25 Achievement% 28 Wizard Run 0 Options --------- Layout 0 ASCII 0 Keyboard 0 Movement Mouse Keybinds 0 Fullscreen 1 Font 24/Smallcaps Map View 91x25 Zoom Use 88% Tactical HUD 1 Map Filters NONE Filters NONE Steam 1 RUN: b9f85843-13c7-4ff9-bcd1-a1812a5a81f9